 Dungeon Crawl Stone Soup version 0.29.1-2-gbd0b4ee654 (webtiles) character file.

Game seed: 11121172421000170690

4 GorkyZ the Chopper (level 1, 0/16 HPs)
             Began as a Formicid Gladiator on Nov 25, 2022.
             Slain by a ball python (3 damage)
             ... on level 1 of the Dungeon.
             The game lasted 00:00:19 (16 turns).

GorkyZ the Chopper (Formicid Gladiator)               Turns: 16, Time: 00:00:20

Health: 0/16       AC:  3    Str: 18    XL:     1   Next: 66%
Magic:  1/1        EV:  9    Int:  7    God:
Gold:   0          SH:  0    Dex: 15    Spells: 0/0 levels left

rFire   . . .      SeeInvis +   a - +0 war axe
rCold   . . .      Faith    .   (no shield)
rNeg    . . .      Spirit   .   b - +0 leather armour
rPois   .          Reflect  .   (helmet unavailable)
rElec   .          Harm     .   (no cloak)
rCorr   .          Rampage  .   (no gloves)
Will    .....                   (no boots)
Stlth   +.........              (no amulet)
HPRegen 0.05/turn               (no ring)
MPRegen 0.07/turn               (no ring)

@: constricted
A: permanent stasis, dig shafts and tunnels, antennae 3, four strong arms
a: Dig, Shaft Self


You were on level 1 of the Dungeon.
You visited 1 branch of the dungeon, and saw 1 of its levels.

Inventory:

Hand Weapons
 a - a +0 war axe (weapon)
Missiles
 c - 3 throwing nets (quivered)
 d - a javelin
Armour
 b - a +0 leather armour (worn)


   Skills:
 + Level 2.2 Fighting
 + Level 3.0 Axes
 + Level 2.0 Throwing
 + Level 0.1 Armour
 + Level 2.7 Dodging
 + Level 0.4 Shields
 + Level 0.2 Evocations


You couldn't memorise any spells.
You didn't know any spells.
Your spell library was empty.

Dungeon Overview and Level Annotations

Branches:
Dungeon (1/15)

Altars:


Innate Abilities, Weirdness & Mutations

You cannot be hasted, slowed, berserked, paralysed or teleported.
You can dig through walls and to a lower floor.
You have a pair of large antennae on your head. (SInv)
Your four strong arms can wield two-handed weapons with a shield.


Message History

You hit the bat.
You kill the bat!
A ball python comes into view.
The rat barely misses you.
You barely miss the rat. The rat bites you but does no damage.
The hobgoblin hits you. The rat barely misses you.
You barely miss the rat.
The ball python hisses angrily.
You hit the hobgoblin. You hit the endoplasm. The hobgoblin closely misses you.
The endoplasm hits you but does no damage.
The rat bites you.
You hit the endoplasm.
You kill the endoplasm!
You barely miss the hobgoblin. You hit the rat. The rat bites you.
The hobgoblin closely misses you. The rat barely misses you.
The hobgoblin hits you but does no damage.
The hobgoblin hits you.
You are too injured to fight recklessly!
You are too injured to fight recklessly!
You are too injured to fight recklessly!
You are too injured to fight recklessly!
You are too injured to fight recklessly!
You are too injured to fight recklessly!
You are too injured to fight recklessly!
You completely miss the hobgoblin. x2; You slash the rat!
You kill the rat!
The hobgoblin closely misses you. x2
You hit the hobgoblin but do no damage. You hit the hobgoblin.
You kill the hobgoblin!
The hobgoblin barely misses you.
You barely miss the ball python. You hit the hobgoblin but do no damage.
The ball python barely misses you. The ball python grabs you.
The ball python constricts you. The hobgoblin hits you.
The ball python closely misses you. The ball python constricts you.
The hobgoblin hits you.
* * * LOW HITPOINT WARNING * * *
You hit the hobgoblin.
You kill the hobgoblin!
You hit the ball python. The ball python bites you.
You die...

§§..#..≈.#.≈..#..
§≈§..#.≈.#.≈.#...
.§≈≈..#.≈.§.#..≈≈
...≈§.#...#.≈≈.. #
....≈.....≈....
#.######...<.§§###
#.......≈.....≈....
#....§§§$#...#.≈≈..
#...≈§§@#.≈.≈.#..≈≈
....≈..†#S§.#.≈.#...
#......#.§§§#.≈..#..
##....#..§§.#..≈..#.
##..#...§..#..≈...
#..(..≈$..# ..≈..
... ...!# ##. .....


You could see a ball python.

Vanquished Creatures
  An endoplasm (D:1)
  2 hobgoblins (D:1)
  A bat (D:1)
  A rat (D:1)
5 creatures vanquished.

Notes
Turn   | Place    | Note
-------+----------+-------------------------------------------
     0 | D:1      | GorkyZ the Formicid Gladiator began the quest for the Orb.
     0 | D:1      | Reached XP level 1. HP: 16/16 MP: 1/1
    16 | D:1      | Slain by a ball python

Illustrated notes

Levels and vault maps discovered:
D:1:      minmay_arrival_radiant_lines, layout_basic, bh_walls_and_bars

Action                   || total
-------------------------++-------
Melee: War axe           ||     9
Armor: Leather armour    ||     6
Dodge: Dodged            ||    13
